 Dungeon Crawl Stone Soup version 0.21-a0-94-gdd6ab6a (webtiles) character file.

133 sagitran the Gusty (level 5, 0/28 HPs)
             Began as a Tengu Air Elementalist on July 3, 2017.
             Slain by Natasha (2 damage)
             ... on level 2 of the Dungeon.
             The game lasted 00:08:15 (2126 turns).

sagitran the Gusty (Tengu Air Elementalist)         Turns: 2126, Time: 00:08:15

Health: 0/28       AC:  6    Str:  9    XL:     5   Next: 16%
Magic:  9/9        EV:  9    Int: 16    God:
Gold:   54         SH:  0    Dex: 14    Spells: 2/8 levels left

rFire    . . .     SeeInvis .   d - +0 spear
rCold    . . .     Gourm    .   (no shield)
rNeg     . . .     Faith    .   p - +0 scale mail (curse)
rPois    .         Spirit   .   (helmet restricted)
rElec    .         Reflect  .   (no cloak)
rCorr    .         Harm     .   (no gloves)
MR       .....                  (boots unavailable)
Stlth    +.........             (no amulet)
HPRegen  0.09/turn              (no ring)
MPRegen  0.11/turn              (no ring)

@: slowed, very slow
A: beak, talons 3, able to fly 1
a: Fly


You were on level 2 of the Dungeon.
You were not hungry.

You visited 1 branch of the dungeon, and saw 3 of its levels.

You collected 54 gold pieces.

Inventory:

Hand Weapons
 d - a +0 spear (weapon)
 j - a +2 dagger of holy wrath
Missiles
 h - 41 stones (quivered)
Armour
 a - a +1 robe
 p - a cursed +0 scale mail (worn)
Potions
 f - a potion of curing
 n - a potion of berserk rage {unknown}
 o - a potion of heal wounds {unknown}
Books
 b - a book of Air

   Spells                             Type                      Level
   a - Shock                          Conjuration/Air              1
   b - Swiftness                      Charms/Air                   2
   c - Static Discharge               Conjuration/Air              3
   d - Airstrike                      Air                          4
   e - Lightning Bolt                 Conjuration/Air              5
Comestibles
 c - 4 bread rations
 i - 2 royal jellies
 k - a meat ration


   Skills:
 + Level 1.2 Polearms
 + Level 2.5 Dodging
 + Level 2.9 Stealth
 + Level 2.3 Spellcasting
 + Level 2.3 Conjurations
 + Level 5.8 Air Magic


You had 2 spell levels left.
You knew the following spells:

 Your Spells              Type           Power        Failure   Level  Hunger
a - Shock                 Conj/Air       ##..         32%         1    #......
b - Swiftness             Chrm/Air       ##......     61%         2    ###....
c - Static Discharge      Conj/Air       ##......     67%         3    ###....


Dungeon Overview and Level Annotations

Branches:
Dungeon (3/15)

Altars:
Xom

Annotations:
D:2 Natasha


Innate Abilities, Weirdness & Mutations

You have a beak for a mouth.
You have claws for feet.
You can fly.


Message History

You hit Natasha. Your kick misses Natasha.
Natasha is severely wounded.
Natasha claws you. Natasha closely misses you.
You barely miss Natasha. Your peck misses Natasha.
Natasha is severely wounded.
Natasha casts a spell at you.
You feel as though you will be slow longer.
Natasha claws you but does no damage. Natasha claws you!
You hit Natasha but do no damage. Your kick misses Natasha.
Natasha is severely wounded.
Natasha barely misses you. Natasha claws you but does no damage.
Your scale mail prevents you from hitting Natasha.
Your kick misses Natasha.
Natasha is severely wounded.
Natasha claws you!
* * * LOW HITPOINT WARNING * * *
Natasha claws you.
* * * LOW HITPOINT WARNING * * *
Natasha claws you.
You die...

### ..#
#%# #.#
#.# #.#
#.# #h#
#####@#
#.....#
#.#####
#.# #.#
#.# #.#
#.# #.#


You could see Natasha.

Vanquished Creatures
  2 jellies (D:2)
  Natasha (D:2)
  An adder (D:2)
  2 oozes (D:1)
  2 worms (D:2)
  A dart slug (D:1)
  A ball python (D:2)
  4 goblins
  5 hobgoblins
  An iguana (D:2)
  2 kobolds (D:1)
  2 bats (D:1)
  2 frilled lizards (D:1)
26 creatures vanquished.

Notes
Turn   | Place    | Note
-------+----------+-------------------------------------------
     0 | D:1      | sagitran the Tengu Air Elementalist began the quest for the Orb.
     0 | D:1      | Reached XP level 1. HP: 10/10 MP: 4/4
   291 | D:1      | Reached XP level 2. HP: 15/15 MP: 1/6
   299 | D:1      | Learned a level 2 spell: Swiftness
   914 | D:1      | Reached XP level 3. HP: 19/19 MP: 4/7
   924 | D:1      | Learned a level 3 spell: Static Discharge
  1070 | D:2      | Reached skill level 5 in Air Magic
  1193 | D:2      | Reached XP level 4. HP: 11/24 MP: 8/8
  1668 | D:2      | Found a shimmering altar of Xom.
  1974 | D:2      | Noticed Natasha
  1997 | D:2      | Killed Natasha
  1997 | D:2      | Reached skill level 1 in Polearms
  1997 | D:2      | Gained mutation: You can fly. [Tengu growth]
  1997 | D:2      | Reached XP level 5. HP: 20/28 MP: 9/9
  2117 | D:2      | Noticed Natasha
  2126 | D:2      | Slain by Natasha

Vault maps used:
D:1:      lightli_arrival_isolated_outpost, minmay_door_square
D:2:      dk_xom_monty_hall, uniq_natasha
D:3:      first_bread, makhleb_altar_promises_db

Skill      XL: |  1  2  3  4 |
---------------+-------------+-----
Air Magic      | 5 |  5.8
Conjurations   | 2 |  2.3
Polearms       | 1 |  1.2
Dodging        | |  2.5
Stealth        | |  2.9
Spellcasting   | |  2.3

Action                   |  1- 3 |  4- 6 || total
-------------------------+-------+-------++-------
Melee: Spear             |    30 |    41 ||    71
       Kick              |     5 |     7 ||    12
       Peck              |     3 |     9 ||    12
Throw: Stone             |     1 |       ||     1
 Cast: Shock             |    23 |     6 ||    29
       Swiftness         |       |     1 ||     1
       Static Discharge  |       |     1 ||     1
  Use: Scroll            |       |     3 ||     3
       Potion            |       |     2 ||     2
 Stab: Distracted        |       |     2 ||     2
       Sleeping          |       |     2 ||     2
  Eat: Bread ration      |     1 |       ||     1
Armor: Robe              |     4 |       ||     4
       Scale mail        |       |     5 ||     5
Dodge: Dodged            |    18 |    23 ||    41
